 Dungeon Crawl Stone Soup version 0.25-a0-294-gea9b1ad378 (webtiles) character file.

Game seed: 4499270029245032708, levelgen mode: deterministic

33 MoonlitKnight the Vexing (level 3, 0/20 HPs)
             Began as a Deep Elf Arcane Marksman on Dec 18, 2019.
             Succumbed to an adder's poison
             ... on level 1 of the Dungeon.
             The game lasted 00:03:11 (919 turns).

MoonlitKnight the Vexing (Deep Elf Arcane Marksman)  Turns: 919, Time: 00:03:12

Health: 0/20       AC:  2    Str:  7    XL:     3   Next: 12%
Magic:  6/8        EV: 13    Int: 17    God:
Gold:   1          SH:  0    Dex: 16    Spells: 3/6 levels left

rFire    . . .     SeeInvis .   a - +0 shortbow
rCold    . . .     Gourm    .   (shield currently unavailable)
rNeg     . . .     Faith    .   e - +0 robe
rPois    .         Spirit   .   (no helmet)
rElec    .         Reflect  .   (no cloak)
rCorr    .         Harm     .   (no gloves)
MR       .....                  (no boots)
Stlth    +.........             (no amulet)
HPRegen  0.06/turn              (no ring)
MPRegen  0.11/turn              (no ring)

@: lethally poisoned (0 -> -6)
A: no striking features
a: no special abilities


You were on level 1 of the Dungeon.
You were not hungry.

You visited 1 branch of the dungeon, and saw 2 of its levels.

You collected 1 gold pieces.

Inventory:

Hand Weapons
 a - a +0 shortbow (weapon)
 b - a +0 dagger
Missiles
 d - 28 arrows (quivered)
Armour
 e - a +0 robe (worn)
Jewellery
 l - an uncursed ring of protection from cold {unknown}
Scrolls
 c - a scroll of blinking {unknown}
 i - a scroll of identify {unknown}
 j - a scroll of random uselessness {unknown}
Potions
 g - a potion of agility {unknown}
 k - 2 potions of haste {unknown}
Comestibles
 f - 3 rations


   Skills:
 - Level 0.7 Fighting
 * Level 3.0 Bows
 + Level 2.9 Dodging
 + Level 2.3 Spellcasting
 + Level 4.3 Hexes


You had 3 spell levels left.
You knew the following spells:

 Your Spells              Type           Power        Failure   Level  Hunger
a - Corona                Hex            ###....      3%          1    #......
b - Slow                  Hex            ###.....     4%          2    ###....

Your spell library contained the following spells:

 Spells                   Type           Power        Failure   Level  Hunger
 Inner Flame              Hex/Fire       #.......     22%         3    ###....
 Portal Projectile        Hex/Tloc       #.....       22%         3    ###....
 Cause Fear               Hex            ###.......   30%         4    #####..
 Leda's Liquefaction      Hex/Erth       #.........   58%         4    #####..


Dungeon Overview and Level Annotations

Branches:
Dungeon (2/15)

Altars:


Message History

Press: ? - help, Shift-Dir - straight line, f/p - adder
Aim: an adder (severely wounded)
You shoot an arrow. The arrow hits the adder.
You kill the adder!
Your Bows skill increases to level 3!
You have reached level 3!
Your experience leads to an increase in your attributes!
Increase (S)trength, (I)ntelligence, or (D)exterity?
You feel agile.
* * * LOW HITPOINT WARNING * * *
You feel sick.
Things that are here:
2 arrows; an adder corpse
* * * LOW HITPOINT WARNING * * *
You feel sick.
* * * LOW HITPOINT WARNING * * *
You feel sick.
There is an open door here.
You see here 6 arrows.
You die...

#....#....#≈≈≈≈≈≈≈≈.......<...≈≈
#....#....#≈≈≈≈≈..≈≈≈≈.......###
#....#....#........≈≈≈≈≈≈≈####
####.#...............≈≈≈≈≈≈≈≈#
#####.#.#.............#########
................>...###.....#
#####.#.#.........#.# #.###.#
#........######.# #.# #.#
#....(...'.(@...# #.# #.# ###
#........######## #.###.#
..###.#.#......# #.#...#
.............#.########'#.###
#.###.#.#....#.##.........# #.#
#.#.#....#.##.........#
#.###.#.#....#.##.........#
#..##.#.#...)#'##.........#
##.##.#.#.................#


There were no monsters in sight!

Vanquished Creatures
  An adder (D:1)
  2 leopard geckos (D:1)
  A bat (D:1)
  2 giant cockroaches (D:1)
  4 goblins (D:1)
  3 hobgoblins (D:1)
  4 kobolds (D:1)
  2 rats (D:1)
19 creatures vanquished.

Notes
Turn   | Place    | Note
-------+----------+-------------------------------------------
     0 | D:1      | MoonlitKnight the Deep Elf Arcane Marksman began the quest
                  | for the Orb.
     0 | D:1      | Reached XP level 1. HP: 11/11 MP: 5/5
   150 | D:1      | Reached XP level 2. HP: 9/16 MP: 6/6
   301 | D:1      | Learned a level 2 spell: Slow
   911 | D:1      | Reached XP level 3. HP: 3/20 MP: 5/8
   913 | D:1      | HP: 1/20 [poisoned by an adder]
   919 | D:1      | Succumbed to an adder's poison

Levels and vault maps discovered:
D:1:      dpeg_arrival_chase, layout_basic
D:2:      layout_rooms

Skill      XL: |  1  2 |
---------------+-------+-----
Spellcasting   | 2 |  2.3
Bows           | 3 |  3.0
Fighting       | |  0.7
Dodging        | |  2.9
Hexes          | |  4.3

Action                   || total
-------------------------++-------
Melee: Dagger            ||     1
 Fire: Shortbow          ||    67
 Cast: Corona            ||     1
       Slow              ||     7
Armor: Robe              ||     6
Dodge: Dodged            ||    37

Table legend:
 A = Non-vault XP
 B = Vault XP
 C = Vault XP percentage of total XP
 D = Non-vault monster count
 E = Vault monster count
 F = Vault count percentage of total count
                 A         B        C        D         E       F
            +---------+---------+-------+---------+---------+-------
      Total |      48 |       0 |   0.0 |      19 |       0 |   0.0
            +---------+---------+-------+---------+---------+-------
        D:1 |      48 |       0 |   0.0 |      19 |       0 |   0.0
            +---------+---------+-------+---------+---------+-------
